 Dungeon Crawl Stone Soup version 0.27-a0-1065-ge809cff (webtiles) character file.

Game seed: 9595763823593449652

173 Illumine the Grave Robber (level 5, -2/40 HPs)
             Began as a Formicid Necromancer on Apr 22, 2021.
             Slain by an ufetubus (3 damage)
             ... in a sewer.
             The game lasted 00:09:25 (4415 turns).

Illumine the Grave Robber (Formicid Necromancer)    Turns: 4415, Time: 00:09:26

Health: -2/40      AC:  2    Str: 12 (13) XL:     5   Next: 83%
Magic:  10/10      EV: 12    Int: 13 (15) God:
Gold:   331        SH:  0    Dex:  9 (11) Spells: 5/10 levels left

rFire    . . .     SeeInvis +   q - +0 war axe
rCold    . . .     Faith    .   (no shield)
rNeg     . . .     Spirit   .   a - +0 robe
rPois    .         Reflect  .   (helmet unavailable)
rElec    .         Harm     .   (no cloak)
rCorr    .         Rampage  .   (no gloves)
Will     .....     Clarity  +   (no boots)
Stlth    ++........             (no amulet)
HPRegen  0.13/turn              (no ring)
MPRegen  0.12/turn              (no ring)

@: no status effects
A: permanent stasis, dig shafts and tunnels, antennae 3, four strong arms,
clarity, robust 1
a: Dig


You were in a sewer.
You visited 1 branch of the dungeon, and saw 5 of its levels.
You also visited: Sewer.

You collected 331 gold pieces.

Inventory:

Hand Weapons
 d - a +0 club
 q - a +0 war axe (weapon)
Missiles
 k - 14 poisoned darts
 v - 34 stones
Armour
 a - a +0 robe (worn)
 j - a +0 scale mail
 o - a +0 buckler
 u - a +0 leather armour
Jewellery
 m - an amulet of guardian spirit
Scrolls
 c - 5 scrolls of identify {unknown}
 e - a scroll of immolation {unknown}
 g - a scroll of fear {unknown}
 h - a scroll of noise {unknown}
 l - 2 scrolls of fog {unknown}
 n - a scroll of enchant armour {unknown}
 p - a scroll of vulnerability {unknown}
 r - a scroll of holy word {unknown}
 s - 2 scrolls of amnesia {unknown}
 t - a scroll of teleportation {unknown}
Potions
 i - a potion of haste {unknown}


   Skills:
 + Level 1.4 Fighting
 - Level 0.6(0.9) Axes
 + Level 0.8(1.0) Maces & Flails
 + Level 2.1 Armour
 - Level 1.7 Dodging
 - Level 2.4 Stealth
 + Level 1.3 Shields
 + Level 3.4 Spellcasting
 + Level 4.9 Necromancy


You had 5 spell levels left.
You knew the following spells:

 Your Spells              Type           Power      Damage    Failure   Level
a - Pain                  Necr           56%        1d6       3%          1
b - Animate Skeleton      Necr           28%        N/A       3%          1
c - Vampiric Draining     Necr           7%         2d7       9%          3

Your spell library contained the following spells:

 Spells                   Type           Power      Damage    Failure   Level
 Animate Dead             Necr           7%         N/A       28%         4
 Agony                    Necr           14%        N/A       63%         5


Dungeon Overview and Level Annotations

Branches:
Dungeon (5/15)              Sewer (1/1)
 Temple: D:4-7

Altars:
Okawaru

Shops:
D:2 (   D:3 *

Annotations:
D:3 2 runed translucent doors, pengboon's ghost, amateur HOMo
D:4 1 runed translucent door, Blork the orc; Crazy Yiuf; Grinder


Innate Abilities, Weirdness & Mutations

You cannot be hasted, slowed, berserked, paralysed or teleported.
You can dig through walls and to a lower floor.
You have a pair of large antennae on your head. (SInv)
Your four strong arms can wield two-handed weapons with a shield.
You possess an exceptional clarity of mind.
You are robust. (+10% HP)


Message History

The ufetubus barely misses you. The ufetubus misses you.
The ufetubus hits you. x2
The kobold hits you with a +0 short sword.
Casting: Pain (safe; 2% risk of failure)
Confirm with . or Enter, or press ? or * to list all spells.
Aiming: Pain (safe; 2% risk of failure)
Press: ? - help, Shift-Dir - straight line, f - kobold
Aim: a kobold, wielding a +0 short sword and quivering stones (chance to affect: 87%)
The kobold writhes in agony.
You kill the kobold!
The ufetubus barely misses you. The ufetubus closely misses you.
The ufetubus hits you. The ufetubus barely misses you.
You miss the ufetubus.
The ufetubus hits you but does no damage.
The ufetubus misses you. The ufetubus barely misses you. x2
You barely miss the ufetubus. The ufetubus hits you.
* * * LOW HITPOINT WARNING * * *
The ufetubus hits you but does no damage.
The ufetubus barely misses you.
The ufetubus hits you but does no damage.
You barely miss the ufetubus.
The ufetubus hits you but does no damage.
The ufetubus closely misses you. The ufetubus hits you.
* * * LOW HITPOINT WARNING * * *
The ufetubus closely misses you.
Unknown command.
Unknown command.
It was a potion of mutation.
You feel extremely strange.
Your thoughts seem clearer.
You feel robust. The ufetubus hits you.
* * * LOW HITPOINT WARNING * * *
The ufetubus hits you.
* * * LOW HITPOINT WARNING * * *
The ufetubus barely misses you. The ufetubus hits you.
* * * LOW HITPOINT WARNING * * *
Unknown command.
It was a potion of degeneration.
There was something very wrong with that liquid.
You feel weakened.
You feel dopey.
You feel clumsy. The ufetubus hits you.
You die...

#.≈≈.≈≈≈≈≈.≈.≈≈.≈≈≈≈≈≈#
#..............#≈≈≈≈≈≈#
##≈##########.##≈≈≈≈≈≈#
#≈≈≈# ≈≈≈≈ #...#≈≈≈≈≈≈#
#≈≈≈# ≈≈≈≈≈#...#≈≈≈≈≈≈#
#≈≈≈# ≈≈≈≈≈#...≈≈≈≈≈≈≈#
#≈≈≈# ≈≈≈≈≈≈...#≈≈≈≈≈≈#
#≈≈≈# ≈≈≈≈≈#...#≈≈≈≈≈≈#
#≈≈≈# ≈≈≈≈≈≈.@.≈≈≈≈≈≈
#≈≈≈# ≈≈≈≈≈≈)5.#≈≈≈≈≈
≈≈≈≈≈#.).#≈≈≈≈≈
≈≈≈≈≈#...≈ ≈≈≈≈
≈≈≈≈≈#...#≈≈≈≈≈ ≈≈≈≈
≈...#≈≈≈≈≈ ≈≈≈ #...# ≈≈
..≈.. ≈≈≈


You could see an ufetubus.

Vanquished Creatures
  A jelly (D:4)
  4 gnolls (D:3)
  2 adders
  A worm (D:2)
  2 dart slugs
  2 orcs (D:3)
  7 bats
  5 endoplasms
  2 giant cockroaches
  8 goblins
  3 hobgoblins
  3 jackals (D:2)
  4 quokkas
  3 ball pythons
  2 frilled lizards
  11 kobolds
  6 rats
66 creatures vanquished.

Vanquished Creatures (collateral kills)
  An adder (D:2)
  An endoplasm (D:2)
  A jackal (D:2)
  A rat (D:2)
4 creatures vanquished.

Grand Total: 70 creatures vanquished

Notes
Turn   | Place    | Note
-------+----------+-------------------------------------------
     0 | D:1      | Illumine the Formicid Necromancer began the quest for the
                  | Orb.
     0 | D:1      | Reached XP level 1. HP: 13/13 MP: 3/3
     2 | D:1      | Learned a level 1 spell: Animate Skeleton
   322 | D:1      | Reached XP level 2. HP: 17/19 MP: 0/5
  1393 | D:1      | Reached XP level 3. HP: 21/24 MP: 2/7
  1733 | D:2      | Found an iron altar of Okawaru.
  1835 | D:2      | Reached skill level 1 in Armour
  2173 | D:2      | Reached XP level 4. HP: 28/30 MP: 5/8
  2325 | D:2      | Found Vutij's Weapon Shop.
  3000 | D:3      | Reached skill level 1 in Fighting
  3000 | D:3      | Reached XP level 5. HP: 33/37 MP: 4/9
  3362 | D:3      | Found a faded altar of an unknown god.
  3392 | D:3      | Found Ithiut's Assorted Antiques.
  3408 | D:3      | Reached skill level 1 in Shields
  3559 | D:3      | Found a runed translucent door.
  3563 | D:3      | Noticed pengboon's ghost (amateur HOMo)
  3598 | D:3      | Found a runed translucent door.
  3901 | D:4      | Noticed Blork the orc
  4038 | D:4      | Learned a level 3 spell: Vampiric Draining
  4178 | D:4      | Found a runed translucent door.
  4179 | D:4      | Noticed Crazy Yiuf
  4180 | D:4      | Noticed Grinder
  4238 | D:5      | Entered Level 5 of the Dungeon
  4303 | D:5      | Found a glowing drain.
  4307 | Sewer    | Entered a sewer
  4414 | Sewer    | Gained mutation: You possess an exceptional clarity of
                  | mind. [potion of mutation]
  4414 | Sewer    | Gained mutation: You are robust. (+10% HP) [potion of
                  | mutation]
  4414 | Sewer    | HP: 2/40 [ufetubus (1)]
  4415 | Sewer    | Slain by an ufetubus

Illustrated notes

Levels and vault maps discovered:
D:1:      dpeg_arrival_solitude, layout_basic, minmay_pentomino_u4
D:2:      layout_rooms, basic_altar, serial_shops, shop_coins
D:3:      layout_loops_ring, serial_shops, shop_statue,
          ebering_ecumenical_altar_sacrificial, ebering_ghost_sewer_f,
          grunt_ministairs_7, wander_ebering_terrifying_dragon_lair
D:4:      layout_basic, chequers_temple_overflow_minitemple, st_stairs_10,
          dk_noncrumbling_3, minmay_fountain_box, kennysheep_generic_room_3,
          uniq_crazy_yiuf_cottage, uniq_blork_the_orc, uniq_eustachio,
          uniq_grinder
D:5:      layout_basic, minmay_temple_entry_statues, serial_glass,
          glass_columns_a, glass_columns_a, gup_sewer_entry_bowl
Sewer:    kennysheep_sewer_church

Skill      XL: |  1  2  3  4  5 |
---------------+----------------+-----
Armour         | 1 2 |  2.1
Spellcasting   | 3 |  3.4
Fighting       | 1 |  1.4
Shields        | 1 |  1.3
Axes           | |  0.6
Maces & Flails | |  0.8
Dodging        | |  1.7
Stealth        | |  2.4
Necromancy     | |  4.9

Action                   |  1- 3 |  4- 6 || total
-------------------------+-------+-------++-------
Melee: Club              |    29 |     6 ||    35
       Unarmed           |     1 |       ||     1
       War axe           |       |    29 ||    29
 Cast: Pain              |    56 |    69 ||   125
       Animate Skeleton  |     7 |     3 ||    10
  Use: Potion            |       |     2 ||     2
 Stab: Sleeping          |       |     1 ||     1
Armor: Robe              |    21 |    10 ||    31
Dodge: Dodged            |    30 |    48 ||    78

Table legend: (Time is in decaauts)
 A = Elapsed time spent in this place.
 B = Non-inter-level travel time spent in this place.
 C = Inter-level travel time spent in this place.
 D = Time resting spent in this place.
 E = Time spent auto-exploring this place.
 F = Levels seen in this place.
 G = Mean time per level.
                   A        B        C        D        E       F      G
               +--------+--------+--------+--------+--------+-----+--------+
         Total |   4445 |   4349 |     96 |   1026 |   2694 |   6 |  740.8 |
       Dungeon |   4333 |   4237 |     96 |   1026 |   2617 |   5 |  866.6 |
         Sewer |    112 |    112 |      0 |      0 |     77 |   1 |  112.0 |
               +--------+--------+--------+--------+--------+-----+--------+

Top non-repeatable levels by time:
     D:1: 1643 daAuts
     D:2: 1315 daAuts
     D:3: 1073 daAuts
     D:4: 222 daAuts
   Sewer: 112 daAuts
     D:5: 78 daAuts
